 Dungeon Crawl Stone Soup version 0.27.1 (webtiles) character file.

Game seed: 14671043522426899840

58 Kinoniko the Cudgeller (level 4, 0/52 HPs)
             Began as a Human Berserker on Sept 3, 2021.
             Was a Believer of Trog.
             Succumbed to an adder's poison
             ... on level 2 of the Dungeon.
             The game lasted 00:01:08 (1747 turns).

Kinoniko the Cudgeller (Human Berserker)            Turns: 1747, Time: 00:01:09

Health: 0/52       AC: 22    Str: 18    XL:     4   Next: 20%
Magic:  4/4        EV:  2    Int:  8    God:    Trog [**....]
Gold:   53         SH:  0    Dex: 12    Spells: 3/3 levels left

rFire    . . .     SeeInvis .   a - +0 mace
rCold    . . .     Faith    .   (no shield)
rNeg     + + +     Spirit   .   (armour currently unavailable)
rPois    +         Reflect  .   (helmet currently unavailable)
rElec    .         Harm     .   (cloak currently unavailable)
rCorr    .         Rampage  .   (gloves currently unavailable)
Will     .....     NoTele   +   (boots currently unavailable)
Stlth    +.........             (no amulet)
HPRegen  0.17/turn              (no ring)
MPRegen  0.09/turn              (no ring)

@: lethally poisoned (0 -> -6), tree-form, on berserk cooldown, slowed, very
slow
A: stationary, stasis, torment immunity, boosted hp
a: Renounce Religion, Berserk, Trog's Hand


You were on level 2 of the Dungeon.
You worshipped Trog.
Trog was pleased with you.
You were a tree.
You visited 1 branch of the dungeon, and saw 2 of its levels.

You collected 53 gold pieces.

Inventory:

Hand Weapons
 a - a +0 mace (weapon)
Armour
 b - a +0 animal skin
 e - a +0 chain mail (melded)
Scrolls
 c - a scroll of teleportation {unknown}
 d - a scroll of blinking {unknown}
 f - a scroll of enchant weapon {unknown}
 g - a scroll of torment {unknown}
 i - a scroll of immolation {unknown}


   Skills:
 - Level 3.0 Fighting
 * Level 4.0 Maces & Flails
 + Level 2.6 Armour
 + Level 2.6 Dodging


You had 3 spell levels left.
You didn't know any spells.
Your spell library was empty.

Dungeon Overview and Level Annotations

Branches:
Dungeon (2/15)

Altars:
Xom


Message History

The adder bites you but does no damage.
You closely miss the adder.
The adder is almost dead.
You feel sick. The adder bites you.
* * * LOW HITPOINT WARNING * * *
You are more poisoned.
The adder poisons you!
You closely miss the adder.
The adder is almost dead.
You feel sick. The adder bites you but does no damage.
Your chain mail prevents you from hitting the adder.
The adder is almost dead.
You feel sick. The adder bites you.
* * * LOW HITPOINT WARNING * * *
You are lethally poisoned!
The adder poisons you!
You thump the adder!
You kill the adder!
Trog accepts your kill.
* * * LOW HITPOINT WARNING * * *
You feel very sick.
Your Maces & Flails skill increases to level 4!
* * * LOW HITPOINT WARNING * * *
You feel sick.
Unknown command.
There is a lethal amount of poison in your body!
You feel a strong urge to attack something.
* * * LOW HITPOINT WARNING * * *
You feel sick.
* * * LOW HITPOINT WARNING * * *
You feel sick.
You feel your anger nearly subside.
You are no longer berserk.
You are exhausted.
You feel yourself slow down.
* * * LOW HITPOINT WARNING * * *
You feel sick.
It was a potion of lignification.
You turn into a tree.
Your +0 chain mail melds into your body.
Your roots penetrate the ground.
You die...

........##.##################.
##+#######.##..............[.....
..............[..........>######.
###.######.#####.########.# #.
................>.......#.# #.
####.#####.#####.######.#.# #.
####..####.# #.# #.# #.
...........# #.# #.# #.
#####..####### #♣# #.# ..
......................#.#.# #.###
######.#######...##.....#.# #.#..
#.# #...##.....#.# #.#.# #.#
#...##.....#.# #.#.. #.##
#...##.....#.# #.#..
#..######...##.....#.# #.##.
##.#....#...##.....#.# #....
#......#...##..†....# #..##


There were no monsters in sight!

Vanquished Creatures
  3 adders (D:2)
  A dart slug (D:1)
  4 ball pythons
  A bat (D:1)
  3 endoplasms
  2 giant cockroaches (D:2)
  A goblin (D:2)
  5 hobgoblins
  3 kobolds
  A quokka (D:1)
  2 frilled lizards (D:2)
  2 rats
28 creatures vanquished.

Notes
Turn   | Place    | Note
-------+----------+-------------------------------------------
     0 | D:1      | Kinoniko the Human Berserker began the quest for the Orb.
     0 | D:1      | Reached XP level 1. HP: 18/18 MP: 1/1
    36 | D:1      | Found a faded altar of an unknown god.
   399 | D:1      | Reached XP level 2. HP: 24/24 MP: 2/2
  1156 | D:2      | Reached XP level 3. HP: 29/29 MP: 3/3
  1259 | D:2      | Reached ** piety under Trog
  1631 | D:2      | Reached XP level 4. HP: 35/35 MP: 4/4
  1642 | D:2      | Found a shimmering altar of Xom.
  1743 | D:2      | Reached skill level 4 in Maces & Flails
  1746 | D:2      | HP: 1/35 [poisoned by an adder]
  1747 | D:2      | Succumbed to an adder's poison

Illustrated notes

Levels and vault maps discovered:
D:1:      dpeg_arrival_tiny_a, layout_basic,
          shapermc_ecumenical_altar_starsandcircs
D:2:      layout_basic, basic_altar, grunt_ministairs_3,
          minmay_misc_feat_columns

Skill      XL: |  1  2  3  4 |
---------------+-------------+-----
Maces & Flails | 4 |  4.0
Fighting       | |  3.0
Armour         | |  2.6
Dodging        | |  2.6

Action                   |  1- 3 |  4- 6 || total
-------------------------+-------+-------++-------
Melee: Mace              |    53 |    11 ||    64
Invok: Berserk           |     1 |     1 ||     2
  Use: Potion            |       |     1 ||     1
Armor: Chain mail        |    29 |     3 ||    32
Dodge: Dodged            |    14 |     4 ||    18
